 Dungeon Crawl Stone Soup version 0.27-a0-323-gbd089401bb (webtiles) character file.

Game seed: 18342279483494241074

102 lunkers the Gusty (level 4, 0/24 HPs)
             Began as a Tengu Air Elementalist on Feb 10, 2021.
             Slain by a quokka (5 damage)
             ... on level 4 of the Dungeon.
             The game lasted 00:04:13 (3375 turns).

lunkers the Gusty (Tengu Air Elementalist)          Turns: 3375, Time: 00:04:13

Health: 0/24       AC:  2    Str:  8    XL:     4   Next: 78%
Magic:  0/9        EV: 12    Int: 16    God:
Gold:   151        SH:  0    Dex: 15    Spells: 3/9 levels left

rFire    . . .     SeeInvis .   j - +0 short sword (elec)
rCold    . . .     Faith    .   (no shield)
rNeg     . . .     Spirit   .   a - +0 robe
rPois    .         Reflect  .   (helmet restricted)
rElec    .         Harm     .   (no cloak)
rCorr    .         Rampage  .   (no gloves)
Will     .....                  (boots unavailable)
Stlth    ++........             d - amulet of regeneration
HPRegen  0.48/turn              (no ring)
MPRegen  0.11/turn              (no ring)

@: very slightly contaminated
A: beak, talons 3
a: no special abilities


You were on level 4 of the Dungeon.
You visited 1 branch of the dungeon, and saw 4 of its levels.

You collected 151 gold pieces.

Inventory:

Hand Weapons
 e - a +0 dagger of flaming
 j - a +0 short sword of electrocution (weapon)
Armour
 a - a +0 robe (worn)
Jewellery
 d - an amulet of regeneration (around neck)
Wands
 h - a wand of acid (10)
Scrolls
 c - 2 scrolls of teleportation {unknown}
 g - 2 scrolls of identify {unknown}
 k - a scroll of blinking {unknown}
 m - a scroll of enchant armour {unknown}
 n - a scroll of enchant weapon {unknown}
Potions
 b - a potion of attraction {unknown}
 f - a potion of lignification {unknown}
 i - a potion of haste {unknown}
 l - a potion of might {unknown}
 o - a potion of curing {unknown}


   Skills:
 - Level 2.1 Dodging
 - Level 2.0 Stealth
 + Level 3.0 Spellcasting
 - Level 1.3 Conjurations
 * Level 6.2 Air Magic


You had 3 spell levels left.
You knew the following spells:

 Your Spells              Type           Power        Failure   Level
a - Shock                 Conj/Air       56%          4%          1
b - Swiftness             Air            22%          2%          2
c - Static Discharge      Conj/Air       14%          12%         3

Your spell library contained the following spells:

 Spells                   Type           Power        Failure   Level
 Airstrike                Air            11%          14%         4
 Lightning Bolt           Conj/Air       7%           73%         5


Dungeon Overview and Level Annotations

Branches:
Dungeon (4/15)
 Temple: D:4-7

Altars:

Portals:
Ossuary: D:4


Innate Abilities, Weirdness & Mutations

You have a beak for a mouth.
You have claws for feet.


Message History

Nothing appears to happen.
The phantom misses you.
Casting: Shock (safe; 4% risk of failure)
Confirm with . or Enter, or press ? or * to list all spells.
The zap misses the phantom.
The phantom hits you.
* * * LOW HITPOINT WARNING * * *
The phantom blinks!
You blink.
The quokka barely misses you.
Casting: Shock (safe; 4% risk of failure)
Confirm with . or Enter, or press ? or * to list all spells.
Aiming: Shock (safe; 4% risk of failure)
Press: ? - help, Shift-Dir - straight line, p - phantom You miscast Shock.
Nothing appears to happen.
* * * LOW MAGIC WARNING * * *
The quokka closely misses you.
The phantom hits you but does no damage.
Unknown command.
Unknown command.
Casting: Shock (safe; 4% risk of failure)
Confirm with . or Enter, or press ? or * to list all spells.
Aiming: Shock (safe; 4% risk of failure)
Press: ? - help, Shift-Dir - straight line The zap hits the phantom.
The phantom is heavily damaged.
The zap hits the phantom.
The phantom is severely damaged.
* * * LOW MAGIC WARNING * * *
The quokka misses you. The phantom hits you!
* * * LOW HITPOINT WARNING * * *
Unknown command.
Casting: Shock (safe; 4% risk of failure)
Confirm with . or Enter, or press ? or * to list all spells.
Aiming: Shock (safe; 4% risk of failure)
Press: ? - help, Shift-Dir - straight line The zap hits the phantom.
The phantom is almost destroyed.
The zap hits the phantom.
The phantom is almost destroyed.
* * * LOW MAGIC WARNING * * *
The quokka barely misses you. The phantom closely misses you.
The quokka bites you.
You die...

### .!.
#.#########
#W........#
#@r.......#
#.........#
#.####.........##
.................
####.........#
..........##...#
#.####.........#
##...∩..)..#
#..#.......#


You could see a phantom and a quokka.

Vanquished Creatures
  3 adders (D:3)
  A gnoll (D:1)
  A dart slug (D:1)
  A leopard gecko (D:1)
  4 giant cockroaches
  6 hobgoblins
  7 jackals (D:3)
  10 kobolds
  2 ball pythons
  6 bats
  5 frilled lizards
  11 goblins
  3 rats
60 creatures vanquished.

Notes
Turn   | Place    | Note
-------+----------+-------------------------------------------
     0 | D:1      | lunkers the Tengu Air Elementalist began the quest for the
                  | Orb.
     0 | D:1      | Reached XP level 1. HP: 10/10 MP: 4/4
   356 | D:1      | Reached XP level 2. HP: 15/15 MP: 3/6
   769 | D:1      | Reached skill level 5 in Air Magic
   886 | D:1      | Reached XP level 3. HP: 19/19 MP: 2/7
  1637 | D:2      | Found a faded altar of an unknown god.
  2328 | D:2      | Reached XP level 4. HP: 24/24 MP: 5/9
  2432 | D:2      | Learned a level 2 spell: Swiftness
  2436 | D:2      | Learned a level 3 spell: Static Discharge
  2850 | D:3      | Reached skill level 6 in Air Magic
  3353 | D:4      | Found a sand-covered staircase.
  3356 | D:4      | Noticed a phantom
  3375 | D:4      | Slain by a quokka

Illustrated notes

Levels and vault maps discovered:
D:1:      scummos_arrival_simple_fountains, layout_loops_ring, minmay_cupped
D:2:      layout_basic, chequers_ecumenical_altar_simple
D:3:      layout_basic
D:4:      layout_basic, grunt_temple_overflow_open,
          minmay_temple_entry_enclosed_plants, nicolae_ossuary_entry_ruins

Skill      XL: |  1  2  3  4 |
---------------+-------------+-----
Air Magic      | 5 6 |  6.2
Spellcasting   | 3 |  3.0
Dodging        | |  2.1
Stealth        | |  2.0
Conjurations   | |  1.3

Action                   |  1- 3 |  4- 6 || total
-------------------------+-------+-------++-------
Melee: Unarmed           |     5 |       ||     5
       Peck              |     1 |       ||     1
 Cast: Shock             |    96 |    43 ||   139
Armor: Robe              |     8 |     4 ||    12
Dodge: Dodged            |    27 |     8 ||    35

Table legend: (Time is in decaauts)
 A = Elapsed time spent in this place.
 B = Non-inter-level travel time spent in this place.
 C = Inter-level travel time spent in this place.
 D = Time resting spent in this place.
 E = Time spent auto-exploring this place.
 F = Levels seen in this place.
 G = Mean time per level.
                   A        B        C        D        E       F      G
               +--------+--------+--------+--------+--------+-----+--------+
         Total |   3374 |   3329 |     45 |     31 |   2959 |   4 |  843.5 |
       Dungeon |   3374 |   3329 |     45 |     31 |   2959 |   4 |  843.5 |
               +--------+--------+--------+--------+--------+-----+--------+

Top non-repeatable levels by time:
     D:1: 1563 daAuts
     D:2: 896 daAuts
     D:3: 888 daAuts
     D:4: 25 daAuts
